Rafales vs Diablos
(R2)
Created - April 16, 2019 at 22:15
Goals
|
| Rafales |
2 |
1 |
0 |
0 |
0 |
3 |
| Diablos |
1 |
2 |
0 |
0 |
1 |
4 |
|
Shots
|
| Rafales |
10 |
12 |
7 |
1 |
3 |
30 |
| Diablos |
15 |
14 |
11 |
2 |
2 |
42 |
|
1st period
1. Rafales , Carl Klingberg 19 (Brian Ferlin 17, James Sheppard 35) at 1:55
2. Diablos , Corey Trivino 26 (Jordan Szwarz 33, Cameron Gaunce 37) at 4:07
3. Rafales , Dylan McIlrath 3 (James Sheppard 36, Nathan Davis 49) at 5:56
Penalties :
Michael Ryder (Stf) for Tripping (Minor) at 7:02, Dylan McIlrath (Stf) for Hooking (Minor) at 10:41, Dylan McIlrath (Stf) for Hooking (Minor) at 14:03, Carl Klingberg (Stf) for Hooking (Minor) at 17:41
2nd period
4. Diablos , Lars Eller 34 (Cameron Gaunce 38, Brian Dumoulin 26) at 14:41 (PP)
5. Rafales , Chris Terry 12 (James Marcou 19, Carl Klingberg 34) at 15:31
6. Diablos , Tyler Pitlick 17 (Peter Holland 18, Cameron Gaunce 39) at 19:38
Penalties :
Brian Ferlin (Stf) for High sticking (Minor) at 7:06, Dylan McIlrath (Stf) for Hooking (Minor) at 14:10, Jordan Szwarz (Don) for Holding Stick (Minor) at 16:39
3rd period
No Goal
Penalties :
Brian Dumoulin (Don) for Roughing (Minor) at 12:19, Nathan Davis (Stf) for Hooking (Minor) at 15:10, Matt Gilroy (Stf) for High sticking (Minor) at 18:33
Overtime #1
No Goal
Penalties :
No Penalty
Shootout
Rafales, Mike Zigomanis - Stopped by Kristers Gudlevskis
Diablos , Nick Spaling - Shot Misses the Net
Rafales, Cody McLeod - Stopped by Kristers Gudlevskis
Diablos , Jordan Szwarz - Goal!
Rafales, James Sheppard - Stopped by Kristers Gudlevskis
Penalties :
No Penalty
Goalie Stats
Leland Irving (Stf), 39 saves from 42 shots - (0.929), OTL, 39-20-6, 65:00 minutes
Kristers Gudlevskis (Don), 27 saves from 30 shots - (0.900), W, 19-22-5, 65:00 minutes
Players Stats for Rafales
Player Name G A P +/- PIM S H SB GA TA FO MP PP MP PK MP
------------------------------------------------------------------------------------
Brian Ferlin 0 1 1 1 2 1 0 0 0 0 0/0 9:44 0:40 0:00
Carl Klingberg 1 1 2 1 2 6 1 0 1 0 0/0 15:57 0:33 4:39
Cedric Paquette 0 0 0 -1 0 1 2 0 0 1 0/1 10:25 0:37 1:22
Chris Terry 1 0 1 -1 0 1 0 0 0 0 0/0 6:40 0:00 0:37
Cody McLeod 0 0 0 0 0 5 0 0 1 0 0/0 25:38 1:21 7:46
Connor Murphy 0 0 0 -1 0 0 3 2 2 1 0/0 31:40 2:44 8:27
Dylan McIlrath 1 0 1 1 6 1 2 0 0 0 0/0 20:46 1:14 3:35
James Marcou 0 1 1 -1 0 0 0 0 1 0 0/0 5:45 0:00 0:00
James Sheppard 0 2 2 1 0 6 2 1 0 0 1/3 20:47 2:04 4:55
Joey Laleggia 0 0 0 1 0 1 0 0 0 1 0/0 9:19 0:00 0:00
Julian Melchiori 0 0 0 1 0 0 3 2 1 0 0/0 24:05 1:14 6:33
Kevin Veilleux 0 0 0 1 0 0 0 0 0 0 5/8 8:34 0:00 0:00
Matt Gilroy 0 0 0 -1 2 3 2 1 0 1 0/0 30:30 2:44 7:00
Michael Ryder 0 0 0 0 2 0 1 1 0 0 1/1 14:43 1:29 0:00
Mike Zigomanis 0 0 0 0 0 2 2 1 0 0 22/44 25:43 1:29 8:56
Milan Bartovic 0 0 0 1 0 2 1 1 1 0 0/1 15:50 1:49 0:00
Nathan Davis 0 1 1 1 2 0 1 1 1 0 2/7 14:41 1:52 0:00
Slater Koekkoek 0 0 0 1 0 1 1 1 0 0 0/0 14:41 0:00 3:13
Players Stats for Diablos
Player Name G A P +/- PIM S H SB GA TA FO MP PP MP PK MP
------------------------------------------------------------------------------------
Alex Petrovic 0 0 0 0 0 1 0 0 0 1 0/0 23:33 5:50 2:36
Andrei Mironov 0 0 0 -1 0 1 0 0 0 1 0/0 14:19 0:00 1:12
Brian Dumoulin 0 1 1 -1 2 2 1 1 0 0 0/0 22:42 8:01 0:00
Bryan Bickell 0 0 0 0 0 2 4 0 0 2 0/0 17:03 6:00 1:35
Cameron Gaunce 0 3 3 1 0 4 1 2 0 1 0/0 31:12 8:01 2:36
Corey Trivino 1 0 1 -1 0 5 0 1 0 0 9/16 19:01 6:00 2:20
Danny Kristo 0 0 0 0 0 0 1 0 0 0 0/0 7:56 0:00 0:00
Jason Akeson 0 0 0 -1 0 7 3 1 1 1 0/0 25:37 7:51 0:22
Jiri Sekac 0 0 0 -1 0 1 0 0 1 0 0/1 12:13 0:03 0:36
Jordan Szwarz 0 1 1 -1 2 0 4 0 1 0 2/2 18:35 6:00 0:00
Lars Eller 1 0 1 -1 0 8 3 0 0 0 15/32 23:53 7:51 0:22
Marek Zagrapan 0 0 0 0 0 1 1 0 0 0 4/8 11:00 0:00 0:07
Nick Spaling 0 0 0 -1 0 2 1 2 0 0 2/3 24:10 7:48 1:25
Peter Holland 0 1 1 1 0 2 1 1 0 0 2/3 10:11 0:00 1:09
Philip Larsen 0 0 0 0 0 1 0 1 0 1 0/0 23:53 5:50 0:10
Sergey Tolchinsky 0 0 0 1 0 1 0 0 0 0 0/0 7:53 0:00 0:00
Tyler Pitlick 1 0 1 1 0 2 0 0 1 1 0/0 8:20 0:00 0:00
Viktor Loov 0 0 0 -1 0 2 0 1 0 0 0/0 14:29 0:00 1:22
3 Stars
1 - Cameron Gaunce (Don)
2 - James Sheppard (Stf)
3 - Carl Klingberg (Stf)
Power Play
Rafales - 0 on 2 Attempt(s) - 0.00%
Diablos - 1 on 8 Attempt(s) - 12.50%
Penalty Kill
Rafales - 7 on 8 Attempt(s) - 87.50%
- Score 0 goal in Penalty Kill
Diablos - 2 on 2 Attempt(s) - 100.00%
- Score 0 goal in Penalty Kill
Team Stat
Rafales - Hits : 21 - Faceoff Wins : 31 - Blocked Shots : 11 - Penalty Minutes : 16
Diablos - Hits : 20 - Faceoff Wins : 34 - Blocked Shots : 10 - Penalty Minutes : 4
Official
Referees : Unknown
Linesman : Unknown
Game Notes
4:03 of 3rd period - Rafales goal is going for a video replay. After video review, No Goal. The referee deems the play has been stopped, even if he had not physically had the opportunity to stop play by blowing his whistle.
Finance
Level 1 -- Attendance: 1554 (77.70%) -- Ticket Income $41,958
Level 2 -- Attendance: 758 (75.80%) -- Ticket Income $7,580
Total Attendance: 2312 (77.07%)
Total Ticket Income: $49,538
Other Income: $2,477
Total Income: $52,015
Rafales
5 vs 5 Forward
Center Left Wing Right Wing Time % Phy DF OF
1 Mike Zigomanis Cody McLeod Michael Ryder 40 0 1 4
2 Nathan Davis James Sheppard Milan Bartovic 30 0 1 4
3 Kevin Veilleux Carl Klingberg Brian Ferlin 20 1 1 3
4 Cedric Paquette Chris Terry James Marcou 10 2 1 2
5 vs 5 Defense
Defense Defense Time % Phy DF OF
1 Matt Gilroy Connor Murphy 40 1 3 1
2 Julian Melchiori Dylan McIlrath 30 1 3 1
3 Slater Koekkoek Joey Laleggia 20 1 3 1
4 Matt Gilroy Connor Murphy 10 1 3 1
PowerPlay Forward
Center Left Wing Right Wing Time % Phy DF OF
1 Mike Zigomanis Cody McLeod Michael Ryder 60 0 0 5
2 Nathan Davis James Sheppard Milan Bartovic 40 0 0 5
PowerPlay Defense
Defense Defense Time % Phy DF OF
1 Matt Gilroy Connor Murphy 60 0 2 3
2 Julian Melchiori Dylan McIlrath 40 0 2 3
Penalty Kill 4 Players Forward
Center Wing Time % Phy DF OF
1 Mike Zigomanis Cody McLeod 60 1 3 1
2 James Sheppard Carl Klingberg 40 1 3 1
Penalty Kill 4 Players Defense
Defense Defense Time % Phy DF OF
1 Matt Gilroy Connor Murphy 60 2 3 0
2 Julian Melchiori Dylan McIlrath 40 2 3 0
Penalty Kill - 3 Players Forward
Forward Time % Phy DF OF
1 Mike Zigomanis 60 0 5 0
2 Cody McLeod 40 0 5 0
Penalty Kill - 3 Players Defense
Defense Defense Time % Phy DF OF
1 Matt Gilroy Connor Murphy 60 1 4 0
2 Julian Melchiori Dylan McIlrath 40 1 4 0
4 vs 4 Forward
Center Wing Time % Phy DF OF
1 Mike Zigomanis Cody McLeod 60 1 1 3
2 James Sheppard Carl Klingberg 40 1 1 3
4 vs 4 Defense
Defense Defense Time % Phy DF OF
1 Matt Gilroy Connor Murphy 60 1 3 1
2 Julian Melchiori Dylan McIlrath 40 1 3 1
Last Minutes Offensive
Center Left Wing Right Wing Defense Defense
Mike Zigomanis Cody McLeod Michael Ryder Matt Gilroy Connor Murphy
Last Minutes Defensive
Center Left Wing Right Wing Defense Defense
Mike Zigomanis Cody McLeod Michael Ryder Matt Gilroy Connor Murphy
Goaltenders
Starting : Leland Irving
Backup : Sean Maguire
Extra Forwards
Normal : Mike Zigomanis, Cody McLeod, Milan Bartovic - PP : Mike Zigomanis, Cody McLeod - PK : James Sheppard
Extra Defensemen
Normal : Connor Murphy, Matt Gilroy, Julian Melchiori - PP : Connor Murphy - PK : Matt Gilroy, Julian Melchiori
Penalty Shots
Mike Zigomanis, Cody McLeod, James Sheppard, Carl Klingberg, Nathan Davis
Scratches
Ben Sexton (Healthy), Ryan Bourque (Healthy), Ben Johnson (Healthy), Jayson Megna (Healthy), Brad Ross (Healthy)
Ben Thomson (Healthy), Tyrell Goulbourne (Healthy), David Broll (Healthy), Stefan Chaput (Healthy), Dennis Persson (Healthy)
Akim Aliu (Healthy), Maksim Mayorov (Healthy), Chris Driedger (Healthy)
Diablos
5 vs 5 Forward
Center Left Wing Right Wing Time % Phy DF OF
1 Lars Eller Nick Spaling Jason Akeson 40 0 2 3
2 Corey Trivino Jiri Sekac Jordan Szwarz 30 0 2 3
3 Marek Zagrapan Bryan Bickell Danny Kristo 20 0 2 3
4 Peter Holland Sergey Tolchinsky Tyler Pitlick 10 1 3 1
5 vs 5 Defense
Defense Defense Time % Phy DF OF
1 Cameron Gaunce Philip Larsen 40 0 3 2
2 Alex Petrovic Brian Dumoulin 30 0 3 2
3 Viktor Loov Andrei Mironov 20 0 3 2
4 Cameron Gaunce Alex Petrovic 10 0 3 2
PowerPlay Forward
Center Left Wing Right Wing Time % Phy DF OF
1 Lars Eller Nick Spaling Jason Akeson 60 0 0 5
2 Corey Trivino Bryan Bickell Jordan Szwarz 40 0 0 5
PowerPlay Defense
Defense Defense Time % Phy DF OF
1 Cameron Gaunce Brian Dumoulin 60 0 1 4
2 Philip Larsen Alex Petrovic 40 0 1 4
Penalty Kill 4 Players Forward
Center Wing Time % Phy DF OF
1 Corey Trivino Nick Spaling 60 0 5 0
2 Lars Eller Jason Akeson 40 0 5 0
Penalty Kill 4 Players Defense
Defense Defense Time % Phy DF OF
1 Cameron Gaunce Alex Petrovic 60 0 5 0
2 Viktor Loov Andrei Mironov 40 0 5 0
Penalty Kill - 3 Players Forward
Forward Time % Phy DF OF
1 Peter Holland 60 0 5 0
2 Lars Eller 40 0 5 0
Penalty Kill - 3 Players Defense
Defense Defense Time % Phy DF OF
1 Cameron Gaunce Alex Petrovic 60 0 5 0
2 Viktor Loov Brian Dumoulin 40 0 5 0
4 vs 4 Forward
Center Wing Time % Phy DF OF
1 Marek Zagrapan Jason Akeson 60 0 2 3
2 Lars Eller Jordan Szwarz 40 0 2 3
4 vs 4 Defense
Defense Defense Time % Phy DF OF
1 Cameron Gaunce Alex Petrovic 60 0 2 3
2 Philip Larsen Alex Petrovic 40 0 2 3
Last Minutes Offensive
Center Left Wing Right Wing Defense Defense
Lars Eller Nick Spaling Jason Akeson Cameron Gaunce Alex Petrovic
Last Minutes Defensive
Center Left Wing Right Wing Defense Defense
Lars Eller Nick Spaling Jordan Szwarz Cameron Gaunce Alex Petrovic
Goaltenders
Starting : Kristers Gudlevskis
Backup : Andrew Hammond
Extra Forwards
Normal : Jordan Szwarz, Marek Zagrapan, Jason Akeson - PP : Jordan Szwarz, Jason Akeson - PK : Nick Spaling
Extra Defensemen
Normal : Brian Dumoulin, Philip Larsen, Alex Petrovic - PP : Brian Dumoulin - PK : Philip Larsen, Alex Petrovic
Penalty Shots
Nick Spaling, Jordan Szwarz, Lars Eller, Jiri Sekac, Bryan Bickell
Scratches
Tyler Lewington (Healthy), Tobias Lindberg (Healthy), Andrey Pedan (Healthy), Nikita Nesterov (Healthy), Barclay Goodrow (Healthy)
David Musil (Healthy), Darcy Kuemper (Healthy), Joni Ortio (Healthy)
% Time on Ice - Rafales
Lines # - Real PCT - Wanted PCT - Time Play
Normal Forward
1 - 35% - 40% - 14:42
2 - 32% - 30% - 13:25
3 - 20% - 20% - 8:19
4 - 14% - 10% - 5:45
Normal Defense
1 - 40% - 40% - 16:43
2 - 34% - 30% - 14:24
3 - 22% - 20% - 9:19
4 - 4% - 10% - 1:45
PP Forward
1 - 48% - 60% - 1:54
2 - 52% - 40% - 2:04
PP Defense
1 - 69% - 60% - 2:44
2 - 31% - 40% - 1:14
PK Forward
1 - 72% - 60% - 9:57
2 - 28% - 40% - 3:54
PK Defense
1 - 58% - 60% - 8:03
2 - 42% - 40% - 5:48
PK3 Forward
1 - 100% - 60% - 0:33
2 - 0% - 40% - 0:00
PK3 Defense
1 - 100% - 60% - 0:33
2 - 0% - 40% - 0:00
44 Forward
1 - 79% - 60% - 3:31
2 - 21% - 40% - 0:56
44 Defense
1 - 61% - 60% - 2:43
2 - 39% - 40% - 1:44
Last Minute Offensive - 0:00
Last Minute Defensive - 0:00
Total
Forward - 65:00
Defense - 65:00
|
% Time on Ice - Diablos
Lines # - Real PCT - Wanted PCT - Time Play
Normal Forward
1 - 36% - 40% - 15:06
2 - 27% - 30% - 11:16
3 - 19% - 20% - 7:56
4 - 19% - 10% - 7:53
Normal Defense
1 - 40% - 40% - 16:52
2 - 28% - 30% - 11:40
3 - 31% - 20% - 12:58
4 - 2% - 10% - 0:41
PP Forward
1 - 57% - 60% - 7:51
2 - 43% - 40% - 6:00
PP Defense
1 - 58% - 60% - 8:01
2 - 42% - 40% - 5:50
PK Forward
1 - 91% - 60% - 3:36
2 - 9% - 40% - 0:22
PK Defense
1 - 70% - 60% - 2:46
2 - 30% - 40% - 1:12
PK3 Forward
1 - 0% - 60%
2 - 0% - 40%
PK3 Defense
1 - 0% - 60%
2 - 0% - 40%
44 Forward
1 - 86% - 60% - 4:19
2 - 14% - 40% - 0:41
44 Defense
1 - 61% - 60% - 3:02
2 - 39% - 40% - 1:58
Last Minute Offensive - 0:00
Last Minute Defensive - 0:00
Total
Forward - 65:00
Defense - 65:00
|
Play-by-Play
1st period
0:01 of 1st period - Lars Eller wins face-off versus Mike Zigomanis in neutral zone.
0:01 of 1st period - Lars Eller is hit by Connor Murphy.
0:32 of 1st period - Slapshot by Corey Trivino.
0:32 of 1st period - Deflect By Milan Bartovic.
0:32 of 1st period - Stopped by Leland Irving without a rebound.
0:33 of 1st period - Marek Zagrapan wins face-off versus Kevin Veilleux in Rafales zone.
0:48 of 1st period - Slapshot by Danny Kristo.
0:48 of 1st period - Shot Misses the Net.
1:21 of 1st period - Off-side.
1:22 of 1st period - Jordan Szwarz wins face-off versus Mike Zigomanis in neutral zone.
1:55 of 1st period - Backhand shot by Carl Klingberg.
1:55 of 1st period - Goal by Carl Klingberg - Rafales : 1 - Diablos : 0.
1:56 of 1st period - Lars Eller wins face-off versus James Sheppard in neutral zone.
2:03 of 1st period - Slapshot by Lars Eller.
2:03 of 1st period - Deflect By Matt Gilroy.
2:03 of 1st period - Stopped by Leland Irving with a rebound.
2:05 of 1st period - Snap shot by Lars Eller.
2:05 of 1st period - Stopped by Leland Irving without a rebound.
2:06 of 1st period - Nick Spaling wins face-off versus Nathan Davis in Rafales zone.
2:25 of 1st period - Slapshot by Lars Eller.
2:25 of 1st period - Shot Blocked by Nathan Davis.
2:57 of 1st period - Backhand shot by Nick Spaling.
2:57 of 1st period - Deflect By Lars Eller.
2:57 of 1st period - Shot Misses the Net.
2:57 of 1st period - Puck is out of play.
2:58 of 1st period - Marek Zagrapan wins face-off versus Mike Zigomanis in Rafales zone.
3:28 of 1st period - Icing by Jordan Szwarz.
3:29 of 1st period - Corey Trivino wins face-off versus Kevin Veilleux in Diablos zone.
4:07 of 1st period - Slapshot by Corey Trivino.
4:07 of 1st period - Goal by Corey Trivino - Rafales : 1 - Diablos : 1.
4:08 of 1st period - Mike Zigomanis wins face-off versus Lars Eller in neutral zone.
4:11 of 1st period - Alex Petrovic is hit by Slater Koekkoek and loses puck.
4:34 of 1st period - Wrist shot by Brian Ferlin.
4:34 of 1st period - Deflect By Kevin Veilleux.
4:34 of 1st period - Shot Blocked by Cameron Gaunce.
4:34 of 1st period - Puck is out of play.
4:35 of 1st period - Kevin Veilleux wins face-off versus Marek Zagrapan in Diablos zone.
4:36 of 1st period - Wrist shot by Brian Ferlin.
4:36 of 1st period - Shot Blocked by Viktor Loov.
4:38 of 1st period - Wrist shot by Kevin Veilleux.
4:38 of 1st period - Shot Misses the Net.
4:50 of 1st period - Snap shot by Brian Ferlin.
4:50 of 1st period - Shot Misses the Net.
5:25 of 1st period - Nick Spaling is hit by Julian Melchiori and loses puck.
5:48 of 1st period - Snap shot by James Sheppard.
5:48 of 1st period - Stopped by Kristers Gudlevskis with a rebound.
5:50 of 1st period - Wrist shot by Nathan Davis.
5:50 of 1st period - Shot Blocked by Cameron Gaunce.
5:52 of 1st period - Snap shot by Dylan McIlrath.
5:52 of 1st period - Shot Misses the Net.
5:54 of 1st period - Snap shot by James Sheppard.
5:54 of 1st period - Shot Blocked by Nick Spaling.
5:56 of 1st period - Slapshot by Dylan McIlrath.
5:56 of 1st period - Goal by Dylan McIlrath - Rafales : 2 - Diablos : 1.
5:57 of 1st period - Mike Zigomanis wins face-off versus Marek Zagrapan in neutral zone.
6:05 of 1st period - Wrist shot by Cody McLeod.
6:05 of 1st period - Stopped by Kristers Gudlevskis with a rebound.
6:07 of 1st period - Slapshot by Matt Gilroy.
6:07 of 1st period - Stopped by Kristers Gudlevskis with a rebound.
6:09 of 1st period - Slapshot by Cody McLeod.
6:09 of 1st period - Stopped by Kristers Gudlevskis without a rebound.
6:10 of 1st period - Corey Trivino wins face-off versus Mike Zigomanis in Diablos zone.
6:22 of 1st period - Philip Larsen is hit by Connor Murphy and loses puck.
6:35 of 1st period - Matt Gilroy is hit by Bryan Bickell and loses puck.
6:56 of 1st period - Snap shot by Nathan Davis.
6:56 of 1st period - Shot Misses the Net.
6:59 of 1st period - Icing by Philip Larsen.
7:00 of 1st period - Mike Zigomanis wins face-off versus Nick Spaling in Diablos zone.
7:02 of 1st period - Minor Penalty to Michael Ryder for Tripping.
7:03 of 1st period - Mike Zigomanis wins face-off versus Lars Eller in Rafales zone.
8:01 of 1st period - Wrist shot by Jason Akeson.
8:01 of 1st period - Shot Misses the Net.
8:03 of 1st period - Snap shot by Jason Akeson.
8:03 of 1st period - Deflect By Lars Eller.
8:03 of 1st period - Shot Blocked by Julian Melchiori.
8:03 of 1st period - Puck is out of play.
8:04 of 1st period - Mike Zigomanis wins face-off versus Corey Trivino in Rafales zone.
8:04 of 1st period - Mike Zigomanis is hit by Bryan Bickell.
8:20 of 1st period - Slapshot by Bryan Bickell.
8:20 of 1st period - Deflect By Corey Trivino.
8:20 of 1st period - Shot Misses the Net.
8:20 of 1st period - Puck is out of play.
8:21 of 1st period - Corey Trivino wins face-off versus Mike Zigomanis in Rafales zone.
8:32 of 1st period - Snap shot by Corey Trivino.
8:32 of 1st period - Shot Misses the Net.
8:34 of 1st period - Snap shot by Alex Petrovic.
8:34 of 1st period - Stopped by Leland Irving with a rebound.
8:52 of 1st period - Wrist shot by Connor Murphy.
8:52 of 1st period - Shot Misses the Net.
9:02 of 1st period - Penalty to Michael Ryder is over, Michael Ryder is back on ice.
9:33 of 1st period - Snap shot by Nathan Davis.
9:33 of 1st period - Deflect By James Sheppard.
9:33 of 1st period - Stopped by Kristers Gudlevskis with a rebound.
9:35 of 1st period - Wrist shot by James Sheppard.
9:35 of 1st period - Stopped by Kristers Gudlevskis without a rebound.
9:36 of 1st period - Corey Trivino wins face-off versus Kevin Veilleux in Diablos zone.
9:36 of 1st period - Corey Trivino is hit by Carl Klingberg.
10:09 of 1st period - Snap shot by Bryan Bickell.
10:09 of 1st period - Stopped by Leland Irving with a rebound.
10:15 of 1st period - Wrist shot by Bryan Bickell.
10:15 of 1st period - Shot Misses the Net.
10:35 of 1st period - Snap shot by Tyler Pitlick.
10:35 of 1st period - Shot Misses the Net.
10:41 of 1st period - Minor Penalty to Dylan McIlrath for Hooking.
10:42 of 1st period - Lars Eller wins face-off versus Mike Zigomanis in Rafales zone.
11:09 of 1st period - Cameron Gaunce is hit by Matt Gilroy and loses puck.
11:20 of 1st period - Backhand shot by Carl Klingberg.
11:20 of 1st period - Stopped by Kristers Gudlevskis without a rebound.
11:21 of 1st period - Lars Eller wins face-off versus Mike Zigomanis in Diablos zone.
11:36 of 1st period - Wrist shot by Jason Akeson.
11:36 of 1st period - Stopped by Leland Irving with a rebound.
11:46 of 1st period - Jordan Szwarz is hit by Julian Melchiori and loses puck.
12:41 of 1st period - Penalty to Dylan McIlrath is over, Dylan McIlrath is back on ice.
13:31 of 1st period - Snap shot by Carl Klingberg.
13:31 of 1st period - Stopped by Kristers Gudlevskis with a rebound.
13:56 of 1st period - Milan Bartovic is hit by Danny Kristo and loses puck.
14:03 of 1st period - Minor Penalty to Dylan McIlrath for Hooking.
14:04 of 1st period - Mike Zigomanis wins face-off versus Lars Eller in Rafales zone.
14:04 of 1st period - Mike Zigomanis is hit by Lars Eller.
14:18 of 1st period - Snap shot by Jason Akeson.
14:18 of 1st period - Shot Misses the Net.
14:20 of 1st period - Wrist shot by Lars Eller.
14:20 of 1st period - Stopped by Leland Irving without a rebound.
14:21 of 1st period - Corey Trivino wins face-off versus Mike Zigomanis in Rafales zone.
14:24 of 1st period - Wrist shot by Corey Trivino.
14:24 of 1st period - Stopped by Leland Irving without a rebound.
14:25 of 1st period - Corey Trivino wins face-off versus Mike Zigomanis in Rafales zone.
15:46 of 1st period - James Sheppard is hit by Brian Dumoulin and loses puck.
16:03 of 1st period - Penalty to Dylan McIlrath is over, Dylan McIlrath is back on ice.
16:05 of 1st period - Wrist shot by Cody McLeod.
16:05 of 1st period - Shot Misses the Net.
16:58 of 1st period - Connor Murphy is hit by Bryan Bickell and loses puck.
17:41 of 1st period - Minor Penalty to Carl Klingberg for Hooking.
17:42 of 1st period - Mike Zigomanis wins face-off versus Lars Eller in Rafales zone.
18:03 of 1st period - Matt Gilroy is hit by Jordan Szwarz.
18:26 of 1st period - Slapshot by Corey Trivino.
18:26 of 1st period - Stopped by Leland Irving with a rebound.
18:32 of 1st period - Slapshot by Cameron Gaunce.
18:32 of 1st period - Stopped by Leland Irving without a rebound.
18:33 of 1st period - Mike Zigomanis wins face-off versus Lars Eller in Rafales zone.
18:33 of 1st period - Mike Zigomanis is hit by Lars Eller.
18:45 of 1st period - Dylan McIlrath is hit by Jason Akeson and loses puck.
19:41 of 1st period - Penalty to Carl Klingberg is over, Carl Klingberg is back on ice.
19:50 of 1st period - Slapshot by Tyler Pitlick.
19:50 of 1st period - Deflect By Peter Holland.
19:50 of 1st period - Stopped by Leland Irving with a rebound.
19:52 of 1st period - Snap shot by Viktor Loov.
19:52 of 1st period - Stopped by Leland Irving with a rebound.
19:54 of 1st period - Snap shot by Viktor Loov.
19:54 of 1st period - Stopped by Leland Irving with a rebound.
19:56 of 1st period - Snap shot by Tyler Pitlick.
19:56 of 1st period - Shot Misses the Net.
19:58 of 1st period - Slapshot by Sergey Tolchinsky.
19:58 of 1st period - Stopped by Leland Irving without a rebound.
19:59 of 1st period - Kevin Veilleux wins face-off versus Peter Holland in Rafales zone.
Goals for this period are 2 for Rafales vs 1 for Diablos .
Shots for this period are 10 for Rafales vs 15 for Diablos .
2nd period
0:01 of 2nd period - Lars Eller wins face-off versus Mike Zigomanis in neutral zone.
1:10 of 2nd period - Wrist shot by Chris Terry.
1:10 of 2nd period - Shot Blocked by Jason Akeson.
1:39 of 2nd period - Jiri Sekac is hit by Mike Zigomanis and loses puck.
2:00 of 2nd period - Off-side.
2:01 of 2nd period - Mike Zigomanis wins face-off versus Lars Eller in neutral zone.
2:06 of 2nd period - Snap shot by Mike Zigomanis.
2:06 of 2nd period - Stopped by Kristers Gudlevskis with a rebound.
2:08 of 2nd period - Slapshot by Connor Murphy.
2:08 of 2nd period - Shot Misses the Net.
2:40 of 2nd period - Snap shot by Lars Eller.
2:40 of 2nd period - Shot Misses the Net.
2:42 of 2nd period - Slapshot by Jason Akeson.
2:42 of 2nd period - Stopped by Leland Irving with a rebound.
2:44 of 2nd period - Slapshot by Philip Larsen.
2:44 of 2nd period - Deflect By Jason Akeson.
2:44 of 2nd period - Stopped by Leland Irving with a rebound.
2:50 of 2nd period - Slapshot by Jason Akeson.
2:50 of 2nd period - Deflect By Nick Spaling.
2:50 of 2nd period - Stopped by Leland Irving with a rebound.
2:52 of 2nd period - Wrist shot by Jason Akeson.
2:52 of 2nd period - Shot Misses the Net.
2:54 of 2nd period - Snap shot by Jason Akeson.
2:54 of 2nd period - Stopped by Leland Irving without a rebound.
2:55 of 2nd period - Corey Trivino wins face-off versus Mike Zigomanis in Rafales zone.
3:31 of 2nd period - Icing by Sergey Tolchinsky.
3:32 of 2nd period - Peter Holland wins face-off versus Nathan Davis in Diablos zone.
3:32 of 2nd period - Peter Holland is hit by Milan Bartovic.
3:52 of 2nd period - Snap shot by Peter Holland.
3:52 of 2nd period - Shot Blocked by James Sheppard.
4:04 of 2nd period - Snap shot by Tyler Pitlick.
4:04 of 2nd period - Stopped by Leland Irving with a rebound.
5:04 of 2nd period - Snap shot by Milan Bartovic.
5:04 of 2nd period - Stopped by Kristers Gudlevskis without a rebound.
5:05 of 2nd period - Nick Spaling wins face-off versus Mike Zigomanis in Diablos zone.
5:16 of 2nd period - Nick Spaling is hit by Dylan McIlrath and loses puck.
5:39 of 2nd period - Backhand shot by Carl Klingberg.
5:39 of 2nd period - Stopped by Kristers Gudlevskis without a rebound.
5:40 of 2nd period - Kevin Veilleux wins face-off versus Jiri Sekac in Diablos zone.
5:46 of 2nd period - Backhand shot by Carl Klingberg.
5:46 of 2nd period - Shot Misses the Net.
5:52 of 2nd period - Wrist shot by Carl Klingberg.
5:52 of 2nd period - Stopped by Kristers Gudlevskis with a rebound.
5:54 of 2nd period - Snap shot by Kevin Veilleux.
5:54 of 2nd period - Shot Misses the Net.
6:23 of 2nd period - Wrist shot by Corey Trivino.
6:23 of 2nd period - Shot Misses the Net.
6:36 of 2nd period - Off-side.
6:37 of 2nd period - Michael Ryder wins face-off versus Lars Eller in neutral zone.
7:02 of 2nd period - Carl Klingberg is hit by Bryan Bickell and loses puck.
7:06 of 2nd period - Minor Penalty to Brian Ferlin for High sticking.
7:07 of 2nd period - Lars Eller wins face-off versus Mike Zigomanis in Rafales zone.
9:06 of 2nd period - Penalty to Brian Ferlin is over, Brian Ferlin is back on ice.
9:11 of 2nd period - Wrist shot by Cedric Paquette.
9:11 of 2nd period - Deflect By Cameron Gaunce.
9:11 of 2nd period - Stopped by Kristers Gudlevskis with a rebound.
9:21 of 2nd period - Wrist shot by Cody McLeod.
9:21 of 2nd period - Stopped by Kristers Gudlevskis with a rebound.
9:48 of 2nd period - Icing by Nathan Davis.
9:49 of 2nd period - Marek Zagrapan wins face-off versus Nathan Davis in Rafales zone.
10:38 of 2nd period - Dylan McIlrath is hit by Lars Eller and loses puck.
11:25 of 2nd period - Snap shot by Corey Trivino.
11:25 of 2nd period - Stopped by Leland Irving without a rebound.
11:26 of 2nd period - Kevin Veilleux wins face-off versus Lars Eller in Rafales zone.
11:26 of 2nd period - Kevin Veilleux is hit by Jason Akeson.
11:42 of 2nd period - Snap shot by Lars Eller.
11:42 of 2nd period - Deflect By Jason Akeson.
11:42 of 2nd period - Stopped by Leland Irving with a rebound.
11:52 of 2nd period - Alex Petrovic is hit by Dylan McIlrath and loses puck.
11:57 of 2nd period - Wrist shot by Cody McLeod.
11:57 of 2nd period - Stopped by Kristers Gudlevskis with a rebound.
11:59 of 2nd period - Slapshot by Joey Laleggia.
11:59 of 2nd period - Shot Blocked by Corey Trivino.
12:01 of 2nd period - Wrist shot by Mike Zigomanis.
12:01 of 2nd period - Shot Misses the Net.
12:03 of 2nd period - Wrist shot by Michael Ryder.
12:03 of 2nd period - Shot Misses the Net.
12:05 of 2nd period - Slapshot by Joey Laleggia.
12:05 of 2nd period - Stopped by Kristers Gudlevskis with a rebound.
12:43 of 2nd period - Snap shot by Peter Holland.
12:43 of 2nd period - Stopped by Leland Irving with a rebound.
12:45 of 2nd period - Wrist shot by Peter Holland.
12:45 of 2nd period - Shot Blocked by Slater Koekkoek.
12:47 of 2nd period - Slapshot by Philip Larsen.
12:47 of 2nd period - Shot Misses the Net.
12:49 of 2nd period - Slapshot by Philip Larsen.
12:49 of 2nd period - Shot Misses the Net.
14:10 of 2nd period - Minor Penalty to Dylan McIlrath for Hooking.
14:11 of 2nd period - Lars Eller wins face-off versus Mike Zigomanis in Rafales zone.
14:16 of 2nd period - Snap shot by Lars Eller.
14:16 of 2nd period - Shot Blocked by Connor Murphy.
14:25 of 2nd period - Off-side.
14:26 of 2nd period - Mike Zigomanis wins face-off versus Lars Eller in neutral zone.
14:31 of 2nd period - Snap shot by Matt Gilroy.
14:31 of 2nd period - Shot Misses the Net.
14:39 of 2nd period - Wrist shot by Lars Eller.
14:39 of 2nd period - Shot Misses the Net.
14:41 of 2nd period - Snap shot by Lars Eller.
14:41 of 2nd period - Goal by Lars Eller - Rafales : 2 - Diablos : 2.
14:42 of 2nd period - Mike Zigomanis wins face-off versus Lars Eller in neutral zone.
14:47 of 2nd period - Philip Larsen is hit by Mike Zigomanis and loses puck.
14:52 of 2nd period - Snap shot by Mike Zigomanis.
14:52 of 2nd period - Shot Misses the Net.
14:54 of 2nd period - Slapshot by Connor Murphy.
14:54 of 2nd period - Shot Blocked by Philip Larsen.
14:56 of 2nd period - Snap shot by Cody McLeod.
14:56 of 2nd period - Shot Misses the Net.
14:58 of 2nd period - Slapshot by Matt Gilroy.
14:58 of 2nd period - Stopped by Kristers Gudlevskis with a rebound.
15:08 of 2nd period - James Sheppard is hit by Jordan Szwarz and loses puck.
15:31 of 2nd period - Wrist shot by Chris Terry.
15:31 of 2nd period - Goal by Chris Terry - Rafales : 3 - Diablos : 2.
15:32 of 2nd period - Lars Eller wins face-off versus Mike Zigomanis in neutral zone.
15:35 of 2nd period - Slapshot by Cameron Gaunce.
15:35 of 2nd period - Stopped by Leland Irving without a rebound.
15:36 of 2nd period - Mike Zigomanis wins face-off versus Lars Eller in Rafales zone.
15:44 of 2nd period - Wrist shot by Jason Akeson.
15:44 of 2nd period - Stopped by Leland Irving with a rebound.
15:46 of 2nd period - Slapshot by Cameron Gaunce.
15:46 of 2nd period - Stopped by Leland Irving with a rebound.
16:08 of 2nd period - Snap shot by Bryan Bickell.
16:08 of 2nd period - Stopped by Leland Irving with a rebound.
16:10 of 2nd period - Wrist shot by Marek Zagrapan.
16:10 of 2nd period - Shot Blocked by Matt Gilroy.
16:12 of 2nd period - Slapshot by Philip Larsen.
16:12 of 2nd period - Deflect By Bryan Bickell.
16:12 of 2nd period - Shot Misses the Net.
16:12 of 2nd period - Puck is out of play.
16:13 of 2nd period - Lars Eller wins face-off versus Nathan Davis in Rafales zone.
16:39 of 2nd period - Minor Penalty to Jordan Szwarz for Holding Stick.
16:40 of 2nd period - Corey Trivino wins face-off versus Mike Zigomanis in Diablos zone.
16:51 of 2nd period - Snap shot by Michael Ryder.
16:51 of 2nd period - Deflect By Mike Zigomanis.
16:51 of 2nd period - Shot Misses the Net.
16:51 of 2nd period - Puck is out of play.
16:52 of 2nd period - Mike Zigomanis wins face-off versus Corey Trivino in Diablos zone.
16:53 of 2nd period - Snap shot by Cody McLeod.
16:53 of 2nd period - Stopped by Kristers Gudlevskis without a rebound.
16:54 of 2nd period - Mike Zigomanis wins face-off versus Corey Trivino in Diablos zone.
16:59 of 2nd period - Snap shot by Mike Zigomanis.
16:59 of 2nd period - Shot Blocked by Nick Spaling.
17:01 of 2nd period - Slapshot by Matt Gilroy.
17:01 of 2nd period - Stopped by Kristers Gudlevskis with a rebound.
17:03 of 2nd period - Slapshot by Matt Gilroy.
17:03 of 2nd period - Deflect By Mike Zigomanis.
17:03 of 2nd period - Shot Misses the Net.
17:03 of 2nd period - Puck is out of play.
17:04 of 2nd period - Mike Zigomanis wins face-off versus Corey Trivino in Diablos zone.
18:19 of 2nd period - Connor Murphy is hit by Peter Holland and loses puck.
18:39 of 2nd period - Penalty to Jordan Szwarz is over, Jordan Szwarz is back on ice.
19:30 of 2nd period - Slapshot by Cameron Gaunce.
19:30 of 2nd period - Shot Misses the Net.
19:36 of 2nd period - Snap shot by Peter Holland.
19:36 of 2nd period - Shot Misses the Net.
19:38 of 2nd period - Wrist shot by Peter Holland.
19:38 of 2nd period - Deflect By Tyler Pitlick.
19:38 of 2nd period - Goal by Tyler Pitlick - Rafales : 3 - Diablos : 3.
19:39 of 2nd period - Mike Zigomanis wins face-off versus Lars Eller in neutral zone.
19:50 of 2nd period - Snap shot by Cody McLeod.
19:50 of 2nd period - Shot Misses the Net.
Goals for this period are 1 for Rafales vs 2 for Diablos .
Shots for this period are 12 for Rafales vs 14 for Diablos .
3rd period
0:01 of 3rd period - Lars Eller wins face-off versus Mike Zigomanis in neutral zone.
0:06 of 3rd period - Wrist shot by Jason Akeson.
0:06 of 3rd period - Shot Misses the Net.
0:37 of 3rd period - Snap shot by Milan Bartovic.
0:37 of 3rd period - Stopped by Kristers Gudlevskis without a rebound.
0:38 of 3rd period - Kevin Veilleux wins face-off versus Lars Eller in Diablos zone.
0:49 of 3rd period - Slapshot by Brian Ferlin.
0:49 of 3rd period - Stopped by Kristers Gudlevskis with a rebound.
0:53 of 3rd period - Snap shot by Carl Klingberg.
0:53 of 3rd period - Stopped by Kristers Gudlevskis with a rebound.
1:03 of 3rd period - Nick Spaling is hit by Nathan Davis and loses puck.
1:20 of 3rd period - Slapshot by Lars Eller.
1:20 of 3rd period - Shot Blocked by Julian Melchiori.
1:24 of 3rd period - Slapshot by Nick Spaling.
1:24 of 3rd period - Shot Misses the Net.
1:38 of 3rd period - Slapshot by Lars Eller.
1:38 of 3rd period - Stopped by Leland Irving with a rebound.
1:44 of 3rd period - Wrist shot by Lars Eller.
1:44 of 3rd period - Stopped by Leland Irving without a rebound.
1:45 of 3rd period - Mike Zigomanis wins face-off versus Corey Trivino in Rafales zone.
2:40 of 3rd period - Tyler Pitlick is hit by Matt Gilroy and loses puck.
2:59 of 3rd period - Backhand shot by Brian Dumoulin.
2:59 of 3rd period - Shot Misses the Net.
3:01 of 3rd period - Slapshot by Brian Dumoulin.
3:01 of 3rd period - Deflect By Michael Ryder.
3:01 of 3rd period - Stopped by Leland Irving with a rebound.
3:03 of 3rd period - Wrist shot by Bryan Bickell.
3:03 of 3rd period - Shot Misses the Net.
4:01 of 3rd period - Wrist shot by Milan Bartovic.
4:01 of 3rd period - Shot Misses the Net.
4:03 of 3rd period - Wrist shot by James Sheppard.
4:03 of 3rd period - Rafales goal is going for a video replay.
4:03 of 3rd period - The goal is refused. The referee deems the play has been stopped, even if he had not physically had the opportunity to stop play by blowing his whistle..
4:04 of 3rd period - Mike Zigomanis wins face-off versus Lars Eller in Diablos zone.
4:14 of 3rd period - Off-side.
4:15 of 3rd period - Mike Zigomanis wins face-off versus Lars Eller in neutral zone.
4:41 of 3rd period - Cameron Gaunce is hit by Connor Murphy and loses puck.
5:13 of 3rd period - Snap shot by Nathan Davis.
5:13 of 3rd period - Shot Misses the Net.
5:15 of 3rd period - Wrist shot by James Sheppard.
5:15 of 3rd period - Deflect By Danny Kristo.
5:15 of 3rd period - Stopped by Kristers Gudlevskis without a rebound.
5:16 of 3rd period - Lars Eller wins face-off versus Mike Zigomanis in Diablos zone.
5:54 of 3rd period - Philip Larsen is hit by James Sheppard and loses puck.
6:26 of 3rd period - Off-side.
6:27 of 3rd period - Peter Holland wins face-off versus Mike Zigomanis in neutral zone.
6:29 of 3rd period - Alex Petrovic is hit by Michael Ryder and loses puck.
6:38 of 3rd period - Slapshot by Mike Zigomanis.
6:38 of 3rd period - Stopped by Kristers Gudlevskis without a rebound.
6:39 of 3rd period - Mike Zigomanis wins face-off versus Lars Eller in Diablos zone.
7:28 of 3rd period - Dylan McIlrath is hit by Marek Zagrapan and loses puck.
7:37 of 3rd period - Snap shot by Marek Zagrapan.
7:37 of 3rd period - Stopped by Leland Irving with a rebound.
9:17 of 3rd period - Snap shot by Brian Ferlin.
9:17 of 3rd period - Shot Misses the Net.
9:35 of 3rd period - Wrist shot by Jiri Sekac.
9:35 of 3rd period - Stopped by Leland Irving with a rebound.
9:37 of 3rd period - Slapshot by Philip Larsen.
9:37 of 3rd period - Shot Blocked by Milan Bartovic.
9:39 of 3rd period - Slapshot by Philip Larsen.
9:39 of 3rd period - Stopped by Leland Irving without a rebound.
9:40 of 3rd period - Lars Eller wins face-off versus Mike Zigomanis in Rafales zone.
9:41 of 3rd period - Backhand shot by Nick Spaling.
9:41 of 3rd period - Shot Blocked by Michael Ryder.
9:43 of 3rd period - Slapshot by Viktor Loov.
9:43 of 3rd period - Shot Blocked by Mike Zigomanis.
9:48 of 3rd period - Icing by Michael Ryder.
9:49 of 3rd period - Lars Eller wins face-off versus Mike Zigomanis in Rafales zone.
9:52 of 3rd period - Snap shot by Jason Akeson.
9:52 of 3rd period - Deflect By Nick Spaling.
9:52 of 3rd period - Stopped by Leland Irving with a rebound.
9:54 of 3rd period - Slapshot by Viktor Loov.
9:54 of 3rd period - Shot Misses the Net.
9:56 of 3rd period - Slapshot by Andrei Mironov.
9:56 of 3rd period - Stopped by Leland Irving with a rebound.
10:44 of 3rd period - Snap shot by Lars Eller.
10:44 of 3rd period - Stopped by Leland Irving with a rebound.
10:46 of 3rd period - Slapshot by Jason Akeson.
10:46 of 3rd period - Stopped by Leland Irving with a rebound.
10:48 of 3rd period - Wrist shot by Lars Eller.
10:48 of 3rd period - Shot Misses the Net.
11:35 of 3rd period - Julian Melchiori is hit by Nick Spaling and loses puck.
11:57 of 3rd period - Off-side.
11:58 of 3rd period - Corey Trivino wins face-off versus Nathan Davis in neutral zone.
12:19 of 3rd period - Minor Penalty to Brian Dumoulin for Roughing.
12:20 of 3rd period - Nathan Davis wins face-off versus Corey Trivino in Diablos zone.
12:35 of 3rd period - Wrist shot by James Sheppard.
12:35 of 3rd period - Stopped by Kristers Gudlevskis without a rebound.
12:36 of 3rd period - Nathan Davis wins face-off versus Corey Trivino in Diablos zone.
13:29 of 3rd period - Wrist shot by Carl Klingberg.
13:29 of 3rd period - Shot Hit the Post.
14:19 of 3rd period - Penalty to Brian Dumoulin is over, Brian Dumoulin is back on ice.
14:27 of 3rd period - Slapshot by Brian Dumoulin.
14:27 of 3rd period - Stopped by Leland Irving without a rebound.
14:28 of 3rd period - Lars Eller wins face-off versus Cedric Paquette in Rafales zone.
15:00 of 3rd period - Wrist shot by Marek Zagrapan.
15:00 of 3rd period - Shot Blocked by Connor Murphy.
15:02 of 3rd period - Snap shot by Marek Zagrapan.
15:02 of 3rd period - Shot Misses the Net.
15:04 of 3rd period - Snap shot by Bryan Bickell.
15:04 of 3rd period - Shot Hit the Post.
15:10 of 3rd period - Minor Penalty to Nathan Davis for Hooking.
15:11 of 3rd period - Mike Zigomanis wins face-off versus Lars Eller in Rafales zone.
16:40 of 3rd period - Cameron Gaunce is hit by Cedric Paquette and loses puck.
17:10 of 3rd period - Penalty to Nathan Davis is over, Nathan Davis is back on ice.
18:33 of 3rd period - Minor Penalty to Matt Gilroy for High sticking.
18:34 of 3rd period - Lars Eller wins face-off versus Mike Zigomanis in Rafales zone.
18:45 of 3rd period - Lars Eller is hit by Julian Melchiori.
Goals for this period are 0 for Rafales vs 0 for Diablos .
Shots for this period are 7 for Rafales vs 11 for Diablos .
Overtime #1
0:01 of 1st overtime period - Mike Zigomanis wins face-off versus Marek Zagrapan in neutral zone.
0:16 of 1st overtime period - Slapshot by Connor Murphy.
0:16 of 1st overtime period - Shot Misses the Net.
0:26 of 1st overtime period - Connor Murphy is hit by Jason Akeson and loses puck.
0:33 of 1st overtime period - Penalty to Matt Gilroy is over, Matt Gilroy is back on ice.
0:45 of 1st overtime period - Julian Melchiori is hit by Jordan Szwarz and loses puck.
0:50 of 1st overtime period - Snap shot by Lars Eller.
0:50 of 1st overtime period - Stopped by Leland Irving with a rebound.
0:52 of 1st overtime period - Slapshot by Cameron Gaunce.
0:52 of 1st overtime period - Stopped by Leland Irving with a rebound.
1:04 of 1st overtime period - Wrist shot by Milan Bartovic.
1:04 of 1st overtime period - Shot Blocked by Peter Holland.
1:16 of 1st overtime period - Icing by Slater Koekkoek.
1:17 of 1st overtime period - Marek Zagrapan wins face-off versus Milan Bartovic in Rafales zone.
1:42 of 1st overtime period - Alex Petrovic is hit by Cedric Paquette and loses puck.
1:52 of 1st overtime period - Icing by Cody McLeod.
1:53 of 1st overtime period - Jordan Szwarz wins face-off versus James Sheppard in Rafales zone.
2:14 of 1st overtime period - Mike Zigomanis is hit by Cameron Gaunce and loses puck.
2:29 of 1st overtime period - Snap shot by Carl Klingberg.
2:29 of 1st overtime period - Shot Blocked by Brian Dumoulin.
2:31 of 1st overtime period - Slapshot by Slater Koekkoek.
2:31 of 1st overtime period - Stopped by Kristers Gudlevskis without a rebound.
2:32 of 1st overtime period - James Sheppard wins face-off versus Marek Zagrapan in Diablos zone.
3:11 of 1st overtime period - Connor Murphy is hit by Jordan Szwarz and loses puck.
3:46 of 1st overtime period - Bryan Bickell is hit by James Sheppard and loses puck.
3:51 of 1st overtime period - Snap shot by James Sheppard.
3:51 of 1st overtime period - Shot Misses the Net.
Goals for this period are 0 for Rafales vs 0 for Diablos .
Shots for this period are 1 for Rafales vs 2 for Diablos .
ShootOut
5:00 of 1st overtime period - Round #1.
5:00 of 1st overtime period - Rafales, Mike Zigomanis.
5:00 of 1st overtime period - Wrist shot by Mike Zigomanis.
5:00 of 1st overtime period - Stopped by Kristers Gudlevskis.
5:00 of 1st overtime period - Diablos , Nick Spaling.
5:00 of 1st overtime period - Snap shot by Nick Spaling.
5:00 of 1st overtime period - Shot Misses the Net.
5:00 of 1st overtime period - Round #2.
5:00 of 1st overtime period - Rafales, Cody McLeod.
5:00 of 1st overtime period - Wrist shot by Cody McLeod.
5:00 of 1st overtime period - Stopped by Kristers Gudlevskis.
5:00 of 1st overtime period - Diablos , Jordan Szwarz.
5:00 of 1st overtime period - Deke by Jordan Szwarz.
5:00 of 1st overtime period - Goal by Jordan Szwarz.
5:00 of 1st overtime period - Round #3.
5:00 of 1st overtime period - Rafales, James Sheppard.
5:00 of 1st overtime period - Deke by James Sheppard.
5:00 of 1st overtime period - Stopped by Kristers Gudlevskis.
Back to the Top